 Dungeon Crawl Stone Soup version 0.17-a0-2127-g1cb09f6 (webtiles) character file.

3269 septik the Cleaver (level 9, -18/76 HPs)
             Began as a Deep Dwarf Fighter on Oct 23, 2015.
             Was a Follower of Makhleb.
             Demolished by an ogre
             ... wielding a +0 giant club
              (20 damage)
             ... on level 9 of the Dungeon.
             The game lasted 00:40:58 (8179 turns).

septik the Cleaver (Deep Dwarf Fighter)             Turns: 8179, Time: 00:40:58

Health: -18/76     AC: 12    Str: 23    XL:     9   Next: 68%
Magic:  9/9        EV:  9    Int:  9    God:    Makhleb [*.....]
Gold:   474        SH:  0    Dex: 12    Spells: 0 memorised, 8 levels left

rFire  + . .     SeeInvis .     F - +0 battleaxe
rCold  x . .     Clarity  .     h - +0 chain mail
rNeg   . . .     SustAt   .     (no shield)
rPois  .         Gourm    .     B - +1 helmet
rElec  .         Spirit   .     P - +0 cloak
rCorr  .         Warding  .     (no gloves)
rMut   .         Stasis   .     (no boots)
MR     +....                    (no amulet)
Stlth  ..........               (no ring)
                                m - ring of fire

@: non-regenerating, somewhat resistant to hostile enchantments, extremely
unstealthy
A: damage resistance, recharge devices, sense surroundings 2, slow regeneration
3
a: Device Recharging, Renounce Religion


You were on level 9 of the Dungeon.
You worshipped Makhleb.
Makhleb was aware of your devotion.
You were not hungry.

You visited 2 branches of the dungeon, and saw 10 of its levels.
You also visited: Sewer.

You collected 474 gold pieces.

Inventory:

Hand Weapons
 a - a +0 war axe
 F - a +0 battleaxe (weapon)
Missiles
 k - 247 stones (quivered)
 y - 13 tomahawks
 S - 4 exploding tomahawks
Armour
 b - a +0 scale mail
 c - a +0 shield
 h - a +0 chain mail (worn)
 B - a +1 helmet (worn)
 I - a +2 ring mail of fire resistance
 O - the +0 leather armour of the Evening {rN+ Regen+ Int-4 Stlth+}
   (You found it on level 6 of the Dungeon)

   It affects your intelligence (-4).
   It protects you from negative energy.
   It increases your rate of regeneration.
   It makes you more stealthy.
 P - a +0 cloak (worn)
Jewellery
 m - a ring of fire (left hand)
Wands
 e - a wand of heal wounds (2)
 s - a wand of flame (15)
 K - a wand of polymorph (10)
 U - a wand of disintegration (10)
Scrolls
 g - 3 scrolls of identify
 i - 3 scrolls of enchant armour
 j - 4 scrolls of remove curse
 l - 4 scrolls of fear
 p - 3 scrolls of amnesia
 q - 2 scrolls of immolation
 r - 3 scrolls of random uselessness
 u - 5 scrolls of blinking
 v - 3 scrolls of teleportation
 z - a scroll of recharging
 C - a scroll of noise {unknown}
 D - 4 scrolls of fog {unknown}
 L - a scroll of torment {unknown}
Potions
 d - 2 potions of might
 o - a potion of mutation
 t - 6 potions of curing
 w - a potion of brilliance
 x - 2 potions of ambrosia
 A - a potion of lignification
 E - a potion of magic
 G - a potion of resistance
 H - a potion of heal wounds
 Q - a potion of agility {unknown}
Books
 N - a book of Summonings

   Spells                             Type                      Level
   a - Recall                         Summoning/Translocation      3
   b - Aura of Abjuration             Summoning                    5
   c - Shadow Creatures               Summoning                    5
   d - Summon Demon                   Summoning                    5
   e - Summon Forest                  Summoning/Translocation      5
   f - Summon Mana Viper              Hexes/Summoning              5
 R - a book of Power

   Spells                             Type                      Level
   a - Fulminant Prism                Conjuration/Hexes            4
   b - Iskenderun's Mystic Blast      Conjuration                  4
   c - Venom Bolt                     Conjuration/Poison           5
   d - Bolt of Magma                  Conjuration/Fire/Earth       5
   e - Iron Shot                      Conjuration/Earth            6
   f - Orb of Destruction             Conjuration                  7
   g - Spellforged Servitor           Conjuration/Summoning        7
Comestibles
 f - 9 bread rations
 n - 7 meat rations
 J - 2 slices of pizza
 M - a beef jerky
 T - 14 chunks of flesh


   Skills:
 + Level 3.5 Fighting
 * Level 13.8 Axes
 + Level 4.0 Armour
 + Level 2.4 Dodging
 - Level 3.2 Shields


You had 8 spell levels left.
You didn't know any spells.

Dungeon Overview and Level Annotations

Branches:
Dungeon (9/15)             Temple (1/1) D:7            Lair (0/8) D:9
    Orc (0/4) D:9

Altars:
Ashenzari
Cheibriados
Dithmenos
Elyvilon
Fedhas
Gozag
Kikubaaqudgha
Makhleb
Nemelex Xobeh
Okawaru
Qazlal
Ru
Sif Muna
Trog
Vehumet
Xom
Yredelemnul
Zin
The Shining One
Jiyva

Shops:
D:4 [   D:5 *


Innate Abilities, Weirdness & Mutations

You are resistant to damage.
You can recharge devices by infusing magical energy.
You passively map the area around you.
You do not regenerate naturally.


Message History

You slash the ogre!
The ogre is heavily wounded.
The orc warrior barely misses you. The ogre hits you with a giant club!
You slash the orc warrior!
The orc warrior is heavily wounded.
You barely miss the ogre.
The ogre is heavily wounded.
The orc warrior hits you but does no damage.
The ogre hits you with a giant club!!
The orc warrior hits you with a halberd!
* * * LOW HITPOINT WARNING * * *
The orc warrior hits you from afar with a halberd!
* * * LOW HITPOINT WARNING * * *
There is a stone staircase leading up, spattered with blood here.
You hit the ogre but do no damage.
The ogre is heavily wounded.
The orc warrior hits you from afar with a halberd!
* * * LOW HITPOINT WARNING * * *
The ogre hits you with a giant club!!
You die...

≈≈ ≈ ≈ ≈ ≈ * , ,,,, , ≈ ≈
≈≈≈≈≈≈≈≈≈≈≈≈≈≈≈≈#........
≈≈≈≈≈≈≈≈≈≈≈≈≈≈≈≈#.........
≈
#################.........
...........>..............
,
..........................
,
..........................
,
...............)..........>
.........(.((.(.@Oo.......
..../...........))(.......
,,
...................(?.(...
, ,
.......>.........>.......o
, ,
g........................(
, ,
...................?......
,
<.........................
#################.........
, ≈≈≈≈≈≈≈≈ ≈≈≈≈≈≈#.........
≈


You could see an orc warrior and an ogre.

Vanquished Creatures
  A spriggan (D:7)
  2 hippogriffs
  Menkaure (D:6)
  A sky beast (D:6)
  An ice beast (D:6)
  2 ogres
  2 black bears
  2 centaurs
  2 phantoms
  A crocodile (D:8)
  2 big kobolds
  4 giant frogs (D:8)
  A gnoll sergeant (D:9)
  3 scorpions
  2 jellies
  4 crimson imps
  3 hounds (D:5)
  2 iguanas
  2 orc wizards
  A centaur skeleton (D:9)
  A giant frog skeleton (D:5)
  4 orc priests
  3 worker ants
  A killer bee zombie (D:5)
  A hound zombie (D:7)
  13 adders
  12 gnolls
  3 river rats
  5 oozes
  6 worms
  19 orcs
  8 giant cockroaches
  12 goblins
  17 hobgoblins
  15 jackals
  16 kobolds
  3 quokkas
  4 ball pythons
  11 bats
  6 giant geckos
  A giant gecko zombie (D:9)
  14 giant newts
  19 rats
233 creatures vanquished.

Notes
Turn   | Place    | Note
--------------------------------------------------------------
     0 | D:1      | septik the Deep Dwarf Fighter began the quest for the Orb.
     0 | D:1      | Reached XP level 1. HP: 20/20 MP: 1/1
   165 | D:1      | Reached XP level 2. HP: 27/27 MP: 2/2
   935 | D:1      | Reached XP level 3. HP: 31/33 MP: 3/3
  1050 | D:2      | Reached skill level 4 in Axes
  1331 | D:2      | Reached XP level 4. HP: 30/40 MP: 4/4
  1525 | D:2      | Reached skill level 5 in Axes
  2149 | D:3      | Reached XP level 5. HP: 29/46 MP: 5/5
  2231 | D:3      | Reached skill level 6 in Axes
  2723 | D:3      | Found a radiant altar of Vehumet.
  3172 | D:4      | Found Fuelahia's Armour Emporium.
  3310 | D:4      | Reached XP level 6. HP: 40/55 MP: 6/6
  3314 | D:4      | Reached skill level 7 in Axes
  3350 | D:4      | Found a glowing drain.
  3358 | Sewer    | Entered a sewer
  4019 | D:4      | Reached skill level 8 in Axes
  4173 | D:4      | Noticed an ogre
  4177 | D:4      | Killed an ogre
  4177 | D:4      | Reached XP level 7. HP: 23/61 MP: 7/7
  4283 | D:4      | Found an ancient bone altar of Kikubaaqudgha.
  4316 | D:4      | Found a shattered altar of Ashenzari.
  4436 | D:4      | Found a viscous altar of Jiyva.
  4575 | D:5      | Entered Level 5 of the Dungeon
  4654 | D:5      | Reached skill level 9 in Axes
  4682 | D:5      | Found Gozag's Platinum Reserve.
  4742 | D:5      | Found an opulent altar of Gozag.
  5429 | D:4      | Found a glowing golden altar of the Shining One.
  5479 | D:6      | Reached skill level 10 in Axes
  5492 | D:6      | Reached XP level 8. HP: 46/68 MP: 8/8
  5494 | D:6      | Noticed Menkaure
  5606 | D:6      | Found a sparkling altar of Nemelex Xobeh.
  5614 | D:6      | Killed Menkaure
  5614 | D:6      | Reached skill level 11 in Axes
  5624 | D:6      | Got a translucent leather armour
  5635 | D:6      | Identified the +0 leather armour of the Evening {rN+ Regen+ Int-4 Stlth+} (You found it on level 6 of the Dungeon)
  5646 | D:6      | Found a white marble altar of Elyvilon.
  6080 | D:7      | Reached skill level 12 in Axes
  6557 | D:7      | Gained mutation: You passively map the area around you. [Deep Dwarf growth]
  6557 | D:7      | Reached XP level 9. HP: 40/74 MP: 9/9
  6829 | D:7      | Found a staircase to the Ecumenical Temple.
  6835 | Temple   | Entered the Ecumenical Temple
  6887 | Temple   | Became a worshipper of Makhleb the Destroyer
  7024 | D:8      | Reached skill level 13 in Axes
  7364 | D:8      | Reached * piety under Makhleb
  7461 | D:8      | Reached skill level 1 in Dodging
  7857 | D:9      | Found a staircase to the Orcish Mines.
  8179 | D:9      | HP: 2/76 [orc warrior/halberd (7)]
  8179 | D:9      | Demolished by an ogre

Vault maps used:
D:1:      kilobyte_arrival_exit_the_forest
D:2:      minivault_11
D:3:      old_standard_altar, minmay_fountain_box, minmay_divided_ellipse
D:4:      nicolae_overflow_hidden_temple, gup_sewer_entry_spiral, serial_shops,
          shop, first_bread, jiyva_altar_1
D:5:      nicolae_gozag_zags_fifth_avenue, kennysheep_nub, serial_bayou_pond_e,
          serial_bayou_pond_d, minivault_24
D:6:      nemelex_xobeh_ov_fountains_minmay, elyvilon_altar_5, uniq_menkaure
D:7:      minmay_temple_entry_enclosed_plants, the_bakery
D:9:      nicolae_ru_path_of_blood
Temple:   eino_temple_water_12
Sewer:    sewer_co_cracked_pipes

Action                   |  1- 3 |  4- 6 |  7- 9 || total
-------------------------+-------+-------+-------++-------
Melee: War axe           |   136 |   378 |       ||   514
       Battleaxe         |       |    12 |   371 ||   383
Throw: Stone             |    28 |   136 |   117 ||   281
Evoke: Wand              |       |     2 |    13 ||    15
  Use: Potion            |       |     1 |       ||     1
       Scroll            |       |       |    20 ||    20
  Eat: Chunk             |     1 |    11 |    10 ||    22
       Bread ration      |       |       |     1 ||     1
